 Dungeon Crawl Stone Soup version 0.29-a0-344-ge2f44be95a (webtiles) character file.

Game seed: 5990743286629864706

11748 quokkamancerX the Grappler (level 11, -1/117 HPs)
             Began as a Troll Monk on Apr 21, 2022.
             Was a High Priest of Okawaru.
             Slain by Snorg (12 damage)
             ... on level 11 of the Dungeon.
             The game lasted 00:46:59 (9945 turns).

quokkamancerX the Grappler (Troll Monk)             Turns: 9945, Time: 00:46:59

Health: -1/117     AC: 15    Str: 23    XL:     11   Next: 53%
Magic:  10/10      EV: 11    Int:  8    God:    Okawaru [*****.]
Gold:   495        SH:  0    Dex: 12    Spells: 10/10 levels left

rFire   . . .      SeeInvis .     - Unarmed
rCold   . . .      Faith    .   (no shield)
rNeg    . . .      Spirit   .   F - +0 steam dragon scales
rPois   +          Reflect  .   (helmet restricted)
rElec   .          Harm     .   h - +2 cloak
rCorr   .          Rampage  .   (gloves unavailable)
Will    .....                   (boots unavailable)
Stlth   ++........              j - amulet of the acrobat
HPRegen 1.09/turn               o - +4 ring of protection
MPRegen 0.12/turn               v - ring of poison resistance

@: no status effects
A: large, unfitting armour, claws 3, regeneration 1, shaggy fur 1, tough skin 1
a: Renounce Religion, Heroism, Finesse, Duel


You were on level 11 of the Dungeon.
You worshipped Okawaru.
Okawaru was extremely pleased with you.
You visited 1 branch of the dungeon, and saw 11 of its levels.
You also visited: Sewer.

You collected 526 gold pieces.
You spent 31 gold pieces at shops.

Inventory:

Hand Weapons
 l - the +9 dagger "Woidwyw" {drain, rC+ Dex+3}
   (You found it on level 10 of the Dungeon)

   A truly terrible weapon, it drains the life of any living foe it strikes.
   Dex:       It affects your dexterity (+3).
   rC:        It protects you from cold.
 E - the +9 mace of Exhibitionism {venom, *Rage rElec Dex+5}
   (You found it on level 8 of the Dungeon)

   It poisons the flesh of those it strikes.
   Dex:       It affects your dexterity (+5).
   rElec:     It insulates you from electricity.
   *Rage:     It berserks you when you make melee attacks (+20% chance).
Missiles
 y - 19 poisoned darts (quivered)
Armour
 h - a +2 cloak (worn)
 F - +0 steam dragon scales (worn)
Jewellery
 a - an amulet of reflection
 j - an amulet of the acrobat (around neck)
 o - a +4 ring of protection (left claw)
 s - a +6 ring of strength
 v - a ring of poison resistance (right claw)
 G - the ring "Giqakutue" {Ice rPois rCorr Int+5}
   (You found it on level 9 of the Dungeon)

   [ring of ice]

   It enhances your ice magic.
   Int:       It affects your intelligence (+5).
   rF:        It makes you vulnerable to fire.
   rC:        It protects you from cold.
   rPois:     It protects you from poison.
   rCorr:     It protects you from acid and corrosion.
Wands
 u - a wand of digging (7)
 H - a wand of polymorph (4)
Scrolls
 c - 2 scrolls of enchant armour
 i - 2 scrolls of silence
 k - 2 scrolls of teleportation
 m - 2 scrolls of fog
 n - a scroll of fear
 p - a scroll of brand weapon
 q - 2 scrolls of blinking
 r - a scroll of enchant weapon
Potions
 b - 3 potions of ambrosia
 d - 2 potions of brilliance
 e - 6 potions of mutation
 f - 2 potions of heal wounds
 g - a potion of resistance
 t - a potion of cancellation {unknown}
 w - a potion of berserk rage
 x - 3 potions of magic
 z - 3 potions of curing
 B - 3 potions of might
 C - a potion of haste
 D - 4 potions of flight


   Skills:
 - Level 10.0 Fighting
 + Level 5.2 Armour
 + Level 5.9 Dodging
 - Level 1.0 Stealth
 - Level 12.0 Unarmed Combat


You had 10 spell levels left.
You didn't know any spells.
Your spell library contained the following spells:

 Spells                   Type           Power      Damage    Failure   Level
 Apportation              Tloc           0%         N/A       41%         1
 Magic Dart               Conj           0%         1d3       41%         1
 Dazzling Flash           Conj/Hex       0%         N/A       78%         3
 Inner Flame              Hex/Fire       0%         N/A       78%         3
 Mephitic Cloud           Conj/Pois/Air  0%         N/A       78%         3
 Portal Projectile        Hex/Tloc       0%         N/A       78%         3
 Cause Fear               Hex            0%         N/A       99%         4
 Leda's Liquefaction      Hex/Erth       0%         N/A       99%         4
 Agony                    Necr           0%         N/A       100%        5
 Blade Hands              Tmut           0%         N/A       100%        5
 Excruciating Wounds      Necr           0%         N/A       100%        5
 Fireball                 Conj/Fire      0%         3d3       100%        5
 Iskenderun's Battlesphe  Conj           0%         2d6       100%        5
 Silence                  Hex/Air        0%         N/A       100%        5
 Conjure Ball Lightning   Conj/Air       0%         3x3d6     100%        6
 Orb of Destruction       Conj           0%         9d5       100%        7
 Discord                  Hex            0%         N/A       100%        8
 Animate Skeleton         Necr           Unusable   N/A       N/A         1
 Summon Small Mammal      Summ           Unusable   N/A       N/A         1
 Call Imp                 Summ           Unusable   N/A       N/A         2
 Call Canine Familiar     Summ           Unusable   N/A       N/A         3
 Malign Gateway           Summ/Tloc      Unusable   N/A       N/A         7
 Summon Horrible Things   Summ           Unusable   N/A       N/A         8

Dungeon Overview and Level Annotations

Branches:
Dungeon (11/15)            Temple (0/1) D:7            Lair (0/6) D:8
  Sewer (visited)
    Orc: D:9-12

Altars:
Ashenzari
Dithmenos
Gozag
Nemelex Xobeh
Okawaru
Qazlal
Sif Muna
Trog
Vehumet
Xom
Yredelemnul
The Shining One

Shops:
D:8 *

Annotations:
D:11 Snorg


Innate Abilities, Weirdness & Mutations

You are too large for most types of armour.
You have claws for hands.
Your natural rate of healing is unusually fast.
You are covered in fur. (AC +1)
You have tough skin. (AC +1)


Message History

Snorg bites you but does no damage. Snorg misses you. Snorg claws you!
You closely miss Snorg.
Snorg is severely wounded.
Snorg bites you!
* * * LOW HITPOINT WARNING * * *
Snorg claws you!
* * * LOW HITPOINT WARNING * * *
Snorg claws you.
* * * LOW HITPOINT WARNING * * *
You feel much better. Snorg closely misses you. Snorg claws you!
* * * LOW HITPOINT WARNING * * *
Snorg claws you.
* * * LOW HITPOINT WARNING * * *
You claw Snorg!
Snorg is almost dead.
Snorg closely misses you. Snorg claws you but does no damage. Snorg claws you.
* * * LOW HITPOINT WARNING * * *
You closely miss Snorg.
Snorg is almost dead.
Snorg bites you but does no damage. Snorg claws you!
* * * LOW HITPOINT WARNING * * *
Snorg claws you but does no damage. Snorg completely misses you.
Snorg claws you but does no damage. x2
You scratch Snorg.
Snorg is almost dead.
Snorg bites you but does no damage. Snorg claws you.
* * * LOW HITPOINT WARNING * * *
Snorg claws you!
* * * LOW HITPOINT WARNING * * *
You feel much better. Snorg bites you.
* * * LOW HITPOINT WARNING * * *
Snorg completely misses you. Snorg claws you!
* * * LOW HITPOINT WARNING * * *
You mangle Snorg!!
Snorg is almost dead.
Snorg barely misses you. Snorg closely misses you. Snorg barely misses you.
You closely miss Snorg.
Snorg is almost dead.
Snorg barely misses you. Snorg claws you!
You die...

.(# ..# ..# #.#
##.# #..# #.T#
#.@# #..# #..#
#..# #..#####
#......#
##†###.###
.######.##.....
.......<....#


You could see Snorg (berserk).

Vanquished Creatures
  A death knight (D:9)
  3 two-headed ogres
  2 phantasmal warriors (D:9)
  A manticore (D:9)
  Joseph (D:7)
  Maggie (D:8)
  Psyche (D:9)
  A hornet (D:9)
  Sigmund (D:5)
  A wraith (D:9)
  9 yaks
  A human (D:7)
  4 wyverns
  Eustachio (D:5)
  5 steam dragons
  An acid dragon (D:8)
  3 orc warriors (D:7)
  2 black bears
  An ice beast (D:6)
  4 sky beasts
  2 ogres
  4 centaurs
  A phantom (D:5)
  2 kobold brigands
  3 bullfrogs
  A necrophage (D:7)
  A scorpion (D:4)
  6 wights
  7 killer bees (D:9)
  2 howler monkeys
  4 jellies
  9 orc priests
  5 hounds
  A human zombie (D:7)
  Crazy Yiuf (D:4)
  2 iguanas (D:7)
  16 orc wizards
  5 adders
  A river rat (D:6)
  2 shadow imps
  A white imp (D:7)
  An ufetubus (D:7)
  3 worms
  4 dart slugs
  25 orcs
  6 ball pythons
  4 endoplasms
  A giant cockroach (Sewer)
  8 goblins
  6 hobgoblins
  18 kobolds
  5 quokkas
  8 bats
  5 frilled lizards
  11 rats
225 creatures vanquished.

Vanquished Creatures (others)
  A wizard (D:5)
  A kobold demonologist (D:9)
  A howler monkey (D:9)
  A fungus (Sewer)
  2 plants
6 creatures vanquished.

Grand Total: 231 creatures vanquished

Notes
Turn   | Place    | Note
-------+----------+-------------------------------------------
     0 | D:1      | quokkamancerX the Troll Monk began the quest for the Orb.
     0 | D:1      | Reached XP level 1. HP: 22/22 MP: 0/0
    70 | D:1      | Reached XP level 2. HP: 25/29 MP: 1/1
   517 | D:1      | Reached skill level 4 in Unarmed Combat
   832 | D:2      | Reached XP level 3. HP: 36/36 MP: 2/2
  1329 | D:3      | Reached skill level 5 in Unarmed Combat
  1329 | D:3      | Reached XP level 4. HP: 44/44 MP: 3/3
  2058 | D:4      | Noticed an ogre
  2070 | D:4      | Killed an ogre
  2071 | D:4      | Reached skill level 6 in Unarmed Combat
  2071 | D:4      | Reached XP level 5. HP: 39/50 MP: 4/4
  2270 | D:4      | Found a radiant altar of Vehumet.
  2429 | D:4      | Reached skill level 7 in Unarmed Combat
  2429 | D:4      | Reached XP level 6. HP: 57/59 MP: 5/5
  2563 | D:4      | Found a runed translucent door.
  2564 | D:4      | Noticed Crazy Yiuf
  2574 | D:4      | Killed Crazy Yiuf
  2624 | D:5      | Entered Level 5 of the Dungeon
  2624 | D:5      | Noticed Sigmund
  2685 | D:5      | Killed Sigmund
  2686 | D:5      | Reached skill level 8 in Unarmed Combat
  2686 | D:5      | Reached XP level 7. HP: 66/66 MP: 6/6
  2721 | D:5      | Found a glowing golden altar of the Shining One.
  2764 | D:5      | Noticed Eustachio
  2777 | D:5      | Killed Eustachio
  2906 | D:5      | Reached skill level 9 in Unarmed Combat
  3143 | D:5      | Found a bloodstained altar of Trog.
  3144 | D:5      | Noticed a wizard
  3149 | D:5      | Killed a wizard
  3392 | D:5      | Reached XP level 8. HP: 74/74 MP: 7/7
  3416 | D:5      | Reached skill level 10 in Unarmed Combat
  3485 | D:5      | Found a sparkling altar of Nemelex Xobeh.
  3870 | D:6      | Found an iron altar of Okawaru.
  3875 | D:6      | Became a worshipper of Warmaster Okawaru
  3875 | D:6      | Reached * piety under Okawaru
  3875 | D:6      | Reached ** piety under Okawaru
  4107 | D:6      | Reached skill level 11 in Unarmed Combat
  4109 | D:6      | Found a stormy altar of Qazlal.
  4393 | D:6      | Found a glowing drain.
  4397 | Sewer    | Entered a sewer
  5276 | D:7      | Reached skill level 12 in Unarmed Combat
  5330 | D:7      | Reached XP level 9. HP: 80/80 MP: 8/8
  5385 | D:7      | Found a staircase to the Ecumenical Temple.
  5426 | D:7      | Reached *** piety under Okawaru
  5492 | D:7      | Reached skill level 5 in Fighting
  5521 | D:7      | Found a runed translucent door.
  5525 | D:7      | Found a basalt altar of Yredelemnul.
  5758 | D:7      | Noticed Joseph
  5769 | D:7      | Killed Joseph
  6335 | D:8      | Identified the +9 mace of Exhibitionism {venom, *Rage rElec
                  | Dex+5}
  6350 | D:8      | Reached **** piety under Okawaru
  6373 | D:8      | Reached XP level 10. HP: 72/102 MP: 9/9
  6499 | D:8      | Found a staircase to the Lair.
  6575 | D:8      | Found a shadowy altar of Dithmenos.
  6888 | D:8      | Noticed Maggie
  6902 | D:8      | Killed Maggie
  7018 | D:8      | Found Okofoaph's Assorted Antiques.
  7040 | D:8      | Bought a scroll labelled WAH QINEIKUOLI for 31 gold pieces
  7298 | D:8      | Upgraded the game from 0.29-a0-341-g24ffce5b50 to
                  | 0.29-a0-344-ge2f44be95a
  7401 | D:9      | Noticed a manticore
  7409 | D:9      | Killed a manticore
  7774 | D:9      | Identified the ring "Giqakutue" {Ice rPois rCorr Int+5}
  7996 | D:9      | Found a shimmering altar of Xom.
  7996 | D:9      | Noticed a two-headed ogre
  8129 | D:9      | Killed a two-headed ogre
  8129 | D:9      | Reached ***** piety under Okawaru
  8233 | D:9      | Reached skill level 10 in Fighting
  8357 | D:9      | Noticed a phantasmal warrior
  8371 | D:9      | Killed a phantasmal warrior
  8372 | D:9      | Reached skill level 1 in Armour
  8438 | D:9      | Noticed a phantasmal warrior
  8452 | D:9      | Killed a phantasmal warrior
  8520 | D:9      | Noticed Psyche
  8521 | D:9      | Noticed a death knight
  8526 | D:9      | Killed Psyche
  8527 | D:9      | Reached XP level 11. HP: 117/117 MP: 10/10
  8541 | D:9      | Killed a death knight
  9012 | D:10     | Entered Level 10 of the Dungeon
  9040 | D:10     | Found a broken altar of Ashenzari.
  9094 | D:10     | Identified the +0 cloak "Sinyubri" {Int+2}
  9190 | D:10     | Identified the +7 war axe of Tabby {freeze, rF++} (Okawaru
                  | gifted it to you on level 10 of the Dungeon)
  9190 | D:10     | Received a gift from Okawaru
  9234 | D:10     | Reached skill level 5 in Dodging
  9313 | D:10     | Found a shimmering blue altar of Sif Muna.
  9342 | D:10     | Noticed a two-headed ogre
  9351 | D:10     | Killed a two-headed ogre
  9415 | D:10     | Identified the +9 dagger "Woidwyw" {drain, rC+ Dex+3}
  9437 | D:10     | Noticed a two-headed ogre
  9461 | D:10     | Killed a two-headed ogre
  9709 | D:10     | Found an opulent altar of Gozag.
  9906 | D:11     | Reached skill level 5 in Armour
  9922 | D:11     | Noticed Snorg
  9942 | D:11     | HP: 3/117 [Snorg (10)]
  9945 | D:11     | Slain by Snorg

Illustrated notes

Levels and vault maps discovered:
D:1:      minmay_arrival_arboretum_small, layout_rooms, minivault_27,
          chequers_serial_rivers_room_a, palyth_stone_intersect
D:2:      layout_loops_ring
D:3:      layout_loops_ring
D:4:      layout_rooms, nicolae_vehumet_altar_sigil, uniq_crazy_yiuf_cottage
D:5:      layout_loops_corners, nemelex_spade_bored_becter, trog_wizard,
          tso_oasis_becter, uniq_eustachio, uniq_sigmund
D:6:      layout_loops_corners, mainiacjoe_overflow_alcove_1,
          kennysheep_little_box, gup_sewer_entry_spiral
D:7:      layout_basic, dk_yredelemnul_ordeal, minmay_temple_entry_grid,
          serial_bayou_pond_d, uniq_joseph
D:8:      layout_rooms, nicolae_dithmenos_shadow_blocks, lair_entry_dummy,
          serial_shops, nicolae_lakefront_shop, uniq_maggie
D:9:      layout_stronghold, xom_confusion_cloud, billiards_dpeg, uniq_psyche
D:10:     layout_loops_ring, ashenzari_conservatory_becter,
          nicolae_gozag_cash_rules_everything_around_me, led_sif_pool
D:11:     gammafunk_beogh_shrine, layout_loops_ring, orc_0_dummy, uniq_snorg

Skill      XL: |  1  2  3  4  5  6  7  8  9 10 11 |
---------------+----------------------------------+-----
Unarmed Combat | 4 5 6 7 8 9 12 | 12.0
Fighting       | 7 10 | 10.0
Armour         | 2 5 |  5.2
Dodging        | 3 5 |  5.9
Stealth        | |  1.0

Action                   |  1- 3 |  4- 6 |  7- 9 | 10-12 || total
-------------------------+-------+-------+-------+-------++-------
Melee: Unarmed           |   103 |    76 |   248 |   243 ||   670
       Punch             |     3 |     3 |    12 |    15 ||    33
Throw: Dart              |       |       |     2 |     5 ||     7
Invok: Heroism           |       |       |     6 |     8 ||    14
Evoke: Wand              |       |     1 |       |       ||     1
  Use: Scroll            |       |     6 |    14 |     3 ||    23
       Potion            |       |       |       |     3 ||     3
 Stab: Sleeping          |     3 |     1 |     4 |     1 ||     9
Armor: Robe              |    25 |    18 |    97 |     7 ||   147
       Steam dragon scal |       |       |       |    85 ||    85
Dodge: Dodged            |    76 |    49 |   144 |   159 ||   428

Table legend: (Time is in decaauts)
 A = Elapsed time spent in this place.
 B = Non-inter-level travel time spent in this place.
 C = Inter-level travel time spent in this place.
 D = Time resting spent in this place.
 E = Time spent auto-exploring this place.
 F = Levels seen in this place.
 G = Mean time per level.
                   A        B        C        D        E       F      G
               +--------+--------+--------+--------+--------+-----+--------+
         Total |   9886 |   9585 |    301 |    977 |   4692 |  12 |  823.8 |
       Dungeon |   9624 |   9323 |    301 |    977 |   4623 |  11 |  874.9 |
         Sewer |    262 |    262 |      0 |      0 |     68 |   1 |  262.0 |
               +--------+--------+--------+--------+--------+-----+--------+

Top non-repeatable levels by time:
     D:9: 1632 daAuts
     D:6: 1235 daAuts
     D:5: 1164 daAuts
     D:7: 1035 daAuts
     D:8: 1020 daAuts
    D:10: 873 daAuts
     D:4: 728 daAuts
     D:1: 670 daAuts
     D:3: 652 daAuts
     D:2: 572 daAuts
   Sewer: 262 daAuts
    D:11: 39 daAuts
